 Dungeon Crawl Stone Soup version 0.32-a0-841-g4648e6c457 (webtiles) character file.

Game seed: 3758403666328883565

103 Maxmaps the Sneak (level 4, -3/31 HPs)
             Began as an Octopode Shapeshifter on Mar 26, 2024.
             Was an Initiate of Gozag.
             Slain by Crazy Yiuf
             ... wielding a +4 quarterstaff of chaos
              (11 damage)
             ... on level 3 of the Dungeon.
             The game lasted 00:01:36 (2197 turns).

Maxmaps the Sneak (Octopode Shapeshifter)           Turns: 2197, Time: 00:01:37

Health: -3/31      AC:  5    Str: 13    XL:     4   Next: 79%
Magic:  0/4        EV: 12    Int: 14    God:    Gozag
Gold:   259        SH:  0    Dex: 11    Spells: 3/3 levels left

rFire   . .          .
                       - Unarmed
rCold   . . .        (no shield)
rNeg    . . .        (helmet currently unavailable)
rPois   +            i - amulet of reflection
rElec   +            o - ring "Dirphenunn" {rElec rPois AC+4}
rCorr   .            (no ring)
SInv    .            (no ring)
Will    .....        (no ring)
Stlth   ++           (no ring)
HPRegen 0.25/turn    (no ring)
MPRegen 0.09/turn    (no ring)
                     (no ring)

%: reflection
@: confused, beast-form
A: beast (slay +1), almost no armour, amphibious, 8 rings, camouflage 1,
gelatinous body 1, (nimble swimmer 1), tentacles
a: Begin Untransformation, Renounce Religion, Potion Petition, Call Merchant,
Bribe Branch


You were on level 3 of the Dungeon.
You worshipped Gozag.
Gozag was aware of your devotion.
You were a hulking beast.
You visited 1 branch of the dungeon, and saw 3 of its levels.

You collected 309 gold pieces.
You paid 50 gold pieces to Gozag.

Inventory:

Jewellery
 i - an amulet of reflection (around mantle)
 o - the ring "Dirphenunn" (left tentacle) {rElec rPois AC+4}
   (You found it on level 2 of the Dungeon)

   [ring of protection]

   AC+4:      It affects your AC (+4).
   rElec:     It insulates you from electricity.
   rPois:     It protects you from poison.
 q - an amulet of the acrobat
Talismans
 b - a beast talisman (active)
 c - a flux talisman
Wands
 r - a wand of roots (9)
Scrolls
 e - a scroll of immolation {unknown}
 f - 2 scrolls of enchant weapon {unknown}
 k - 3 scrolls of identify {unknown}
 n - 2 scrolls of teleportation {unknown}
 p - a scroll of noise {unknown}
 t - a scroll of fog {unknown}
Potions
 a - a potion of lignification
 d - a potion of resistance {unknown}
 g - a potion of might {unknown}
 h - a potion of degeneration {unknown}
 j - a potion of mutation {unknown}
 l - a potion of curing {unknown}
 m - a potion of enlightenment {unknown}
 s - a potion of haste {unknown}


   Skills:
 - Level 3.0 Fighting
 - Level 2.0 Dodging
 + Level 4.3 Stealth
 - Level 3.0 Unarmed Combat
 - Level 3.0 Shapeshifting


You had 3 spell levels left.
You didn't know any spells.
Your spell library contained the following spells:

 Spells                   Type           Power      Damage    Failure   Level
 Necrotise                Necr           0%         1d4       28%         1
 Call Imp                 Summ           0%         N/A       41%         2
 Cigotuvi's Dreadful Rot  Necr/Alch/Air  0%         N/A       41%         2
 Ensorcelled Hibernation  Hex/Ice        0%         N/A       41%         2
 Sublimation of Blood     Necr           0%         N/A       41%         2
 Frozen Ramparts          Ice            0%         1d1       65%         3
 Ozocubu's Armour         Ice            0%         N/A       65%         3
 Passwall                 Erth           0%         N/A       65%         3
 Swiftness                Air            0%         N/A       65%         3
 Vampiric Draining        Necr           0%         2d6       65%         3
 Ignite Poison            Fire/Alch      0%         N/A       96%         4
 Martyr's Knell           Necr/Summ      0%         N/A       96%         4
 Curse of Agony           Necr           0%         N/A       100%        5
 Freezing Cloud           Conj/Ice/Air   0%         6-21      100%        5
 Metabolic Englaciation   Hex/Ice        0%         N/A       100%        5
 Summon Hydra             Summ           0%         N/A       100%        7


Dungeon Overview and Level Annotations

Branches:
Dungeon (3/15)

Altars:
Cheibriados
Gozag
Vehumet
The Shining One

Annotations:
D:3 Crazy Yiuf


Innate Abilities, Weirdness & Mutations

You are a hulking beast.
Your limbs bulge with bestial killing power. (Slay +1)
You cannot wear most types of armour.
You are amphibious.
You can wear up to eight rings at the same time.
Your skin changes colour to match your surroundings (Stealth+).
Your rubbery body absorbs attacks. (AC +1, EV +1)
((You are camouflaged when in or above water. (Stealth+)))
You have tentacles for arms and can constrict up to eight enemies at once.


Message History

Crazy Yiuf shouts!
You see here a +0 short sword.
Key pressed, stopping explore.
No target in view!
You see here a +0 whip.
You see here a +0 short sword.
Crazy Yiuf shouts!
Crazy Yiuf whimpers, "Flower!"
No reachable target in view!
No reachable target in view!
No reachable target in view!
No reachable target in view!
No reachable target in view!
No reachable target in view!
No reachable target in view!
No reachable target in view!
No reachable target in view!
No reachable target in view!
No reachable target in view!
No reachable target in view!
No reachable target in view!
No reachable target in view!
Unknown command.
You open the door. You tentacle-slap Crazy Yiuf. Your grab misses Crazy Yiuf.
Crazy Yiuf is lightly wounded.
Crazy Yiuf says, "Fluff foot snockshim!"
Crazy Yiuf hits you with a +4 quarterstaff of chaos!
You are confused.
You're too confused to attack without stumbling around!
You're too confused to attack without stumbling around!
Unknown command.
You bump into the rock wall.
Crazy Yiuf hits you with a +4 quarterstaff of chaos!
* * * LOW HITPOINT WARNING * * *
You feel your power leaking away.
You bump into the rock wall.
Crazy Yiuf hits you with a +4 quarterstaff of chaos!
You die...
Your body crumbles into a pile of gold.

#..####....#
##.## #....#
###..#
#....#
#...##
##.P.#
##.### ##.##
#..# ##.#
#.## #.##
##.# ##.#
#..# #h##
####.## #g#
.....# ...
.....# #...#
.....# #)..#
.....# #####
.....#
.....#
############
.....##
#..........#


You could see Crazy Yiuf.

Vanquished Creatures
  3 adders
  2 dart slugs
  6 orcs (D:3)
  7 endoplasms
  7 giant cockroaches
  6 goblins
  3 hobgoblins
  A quokka (D:3)
  5 ball pythons
  2 bats
  2 frilled lizards (D:1)
  7 kobolds
  12 rats
63 creatures vanquished.

Notes
Turn   | Place    | Note
-------+----------+-------------------------------------------
     0 | D:1      | Maxmaps the Octopode Shapeshifter began the quest for the
                  | Orb.
     0 | D:1      | Reached XP level 1. HP: 13/13 MP: 1/1
   223 | D:1      | Reached XP level 2. HP: 14/19 MP: 2/2
   528 | D:1      | Reached XP level 3. HP: 25/25 MP: 3/3
  1091 | D:2      | Reached skill level 1 in Stealth
  1174 | D:2      | Reached skill level 2 in Stealth
  1283 | D:2      | Identified the ring "Dirphenunn" {rElec rPois AC+4}
  1556 | D:3      | Found an opulent altar of Gozag.
  1556 | D:3      | Found a glowing golden altar of the Shining One.
  1557 | D:3      | Found a radiant altar of Vehumet.
  1557 | D:3      | Found a snail-covered altar of Cheibriados.
  1619 | D:3      | Became a worshipper of Gozag Ym Sagoz the Greedy
  1672 | D:3      | Reached XP level 4. HP: 31/31 MP: 4/4
  1680 | D:3      | Reached skill level 3 in Stealth
  1780 | D:3      | Reached skill level 4 in Stealth
  2118 | D:3      | Found a runed translucent door.
  2119 | D:3      | Noticed Crazy Yiuf
  2197 | D:3      | Slain by Crazy Yiuf

Illustrated notes

Levels and vault maps discovered:
D:1:      nicolae_arrival_somewhat_less_tricky_arrival, layout_basic,
          feat_on_display
D:2:      layout_rooms
D:3:      layout_rooms, chequers_temple_overflow_statue_of_worship,
          minmay_starry_boxes, uniq_crazy_yiuf_cottage

Skill      XL: |  1  2  3  4 |
---------------+-------------+-----
Fighting       | 2 3 |  3.0
Stealth        | 2 4 |  4.3
Dodging        | |  2.0
Unarmed Combat | |  3.0
Shapeshifting  | |  3.0

Action                     |  1- 3 |  4- 6 || total
---------------------------+-------+-------++-------
  Melee: Unarmed           |    72 |    38 ||   110
         Tentacles         |    14 |     6 ||    20
         Constrict         |    16 |    11 ||    27
         Punch             |     1 |       ||     1
   Stab: Sleeping          |    11 |     2 ||    13
         Distracted        |       |     1 ||     1
 Armour: Skin              |    26 |    15 ||    41
  Dodge: Dodged            |    31 |    18 ||    49
  Block: Other             |     5 |     9 ||    14

Table legend: (Time is in decaauts)
 A = Elapsed time spent in this place.
 B = Non-inter-level travel time spent in this place.
 C = Inter-level travel time spent in this place.
 D = Time resting spent in this place.
 E = Time spent auto-exploring this place.
 F = Levels seen in this place.
 G = Mean time per level.
                   A        B        C        D        E       F      G
               +--------+--------+--------+--------+--------+-----+--------+
         Total |   2189 |   2109 |     80 |      0 |   1741 |   3 |  729.7 |
       Dungeon |   2189 |   2109 |     80 |      0 |   1741 |   3 |  729.7 |
               +--------+--------+--------+--------+--------+-----+--------+

Top non-repeatable levels by time:
     D:1: 1018 daAuts
     D:3: 672 daAuts
     D:2: 499 daAuts
